 Dungeon Crawl Stone Soup version 0.27-a0-1431-gcffa5a9b16 (webtiles) character file.

Game seed: 14289841544445068930

12314 freelancePsychic the Fencer (level 11, -14/102 HPs)
             Began as a Minotaur Arcane Marksman on July 3, 2021.
             Was a Follower of Uskayaw.
             Splashed by an oklob plant's acid (15 damage)
             ... in a Gauntlet.
             The game lasted 00:24:02 (14241 turns).

freelancePsychic the Fencer (MiAM)                 Turns: 14241, Time: 00:24:03

Health: -14/102    AC:  1    Str: 17    XL:     11   Next: 60%
Magic:  11/11      EV: 12    Int: 10    God:    Uskayaw [*.....]
Gold:   793        SH:  0    Dex: 12    Spells: 12/12 levels left

rFire    . . .     SeeInvis .   n - +1 great sword (freeze)
rCold    . . .     Faith    .   (shield currently unavailable)
rNeg     . . .     Spirit   .   p - +0 chain mail
rPois    .         Reflect  .   (helmet restricted)
rElec    .         Harm     .   (no cloak)
rCorr    .         Rampage  .   z - +0 pair of gloves
Will     .....     NoTele   +   r - +0 pair of boots
Stlth    ..........             (no amulet)
HPRegen  0.27/turn              k - +4 ring of evasion
MPRegen  0.12/turn              m - +4 ring of protection

@: corroded
A: horns 2, retaliatory headbutt
a: Renounce Religion, Stomp


You were in a Gauntlet.
You worshipped Uskayaw.
Uskayaw was noncommittal.
You visited 2 branches of the dungeon, and saw 12 of its levels.
You also visited: Gauntlet.

You collected 793 gold pieces.

Inventory:

Hand Weapons
 a - a +0 shortbow
 n - a +1 great sword of freezing (weapon)
Missiles
 b - 2 throwing nets (quivered)
 c - 177 arrows
 F - 7 atropa-tipped darts
Armour
 p - a +0 chain mail (worn)
 r - a +0 pair of boots (worn)
 z - a +0 pair of gloves (worn)
Jewellery
 k - a +4 ring of evasion (left hand)
 m - a +4 ring of protection (right hand)
 y - a +6 ring of strength
Wands
 o - a wand of digging (2)
 u - a wand of iceblast (9)
 B - a wand of flame (16)
Scrolls
 e - 3 scrolls of vulnerability
 l - 2 scrolls of silence
 t - 3 scrolls of enchant armour
 v - 2 scrolls of amnesia
 x - a scroll of fear
 A - 2 scrolls of magic mapping
 C - a scroll of fog
 D - 2 scrolls of teleportation {@r4}
Potions
 f - 3 potions of curing {@q1}
 g - 2 potions of flight
 h - 2 potions of might
 i - 3 potions of degeneration {unknown}
 j - 2 potions of invisibility {unknown}
 q - a potion of magic {unknown}
 s - 2 potions of ambrosia {unknown}
 w - 5 potions of lignification {unknown}
 E - 2 potions of heal wounds {unknown}


   Skills:
 - Level 11.3 Fighting
 + Level 16.6 Long Blades
 - Level 2.1 Bows
 - Level 6.7 Armour
 - Level 2.1 Dodging
 - Level 1.0 Spellcasting
 - Level 2.0 Hexes


You had 12 spell levels left.
You didn't know any spells.
Your spell library contained the following spells:

 Spells                   Type           Power      Damage    Failure   Level
 Corona                   Hex            4%         N/A       87%         1
 Slow                     Hex            4%         N/A       95%         2
 Freeze                   Ice            0%         1d3       99%         1
 Magic Dart               Conj           0%         1d3       99%         1
 Pain                     Necr           0%         1d4       99%         1
 Call Imp                 Summ           0%         N/A       99%         2
 Ensorcelled Hibernation  Hex/Ice        4%         N/A       99%         2
 Poisonous Vapours        Pois/Air       0%         N/A       99%         2
 Static Discharge         Conj/Air       0%         N/A       99%         2
 Inner Flame              Hex/Fire       2%         N/A       100%        3
 Mephitic Cloud           Conj/Pois/Air  0%         N/A       100%        3
 Portal Projectile        Hex/Tloc       4%         N/A       100%        3
 Spider Form              Tmut/Pois      0%         N/A       100%        3
 Cause Fear               Hex            2%         N/A       100%        4
 Dispel Undead            Necr           0%         3d6       100%        4
 Leda's Liquefaction      Hex/Erth       1%         N/A       100%        4
 Sticky Flame             Conj/Fire      0%         2d3       100%        4
 Freezing Cloud           Conj/Ice/Air   0%         6-21      100%        5
 Summon Forest            Summ/Tloc      0%         N/A       100%        5
 Summon Mana Viper        Hex/Summ       2%         N/A       100%        5
 Shadow Creatures         Summ           N/A        N/A       100%        6


Dungeon Overview and Level Annotations

Branches:
Dungeon (10/15)            Temple (0/1) D:6            Lair (2/6) D:10
Gauntlet (1/1)
  Swamp: Lair:2-4    Shoals: Lair:2-4     Snake: Lair:2-4    Spider: Lair:2-4
    Orc: D:9-12

Altars:
Sif Muna
Uskayaw

Shops:
D:4 *   D:8 *

Annotations:
Gauntlet 13 transporters, 3 runed translucent doors, exclusion: oklob plant


Innate Abilities, Weirdness & Mutations

You have a pair of horns on your head.
You reflexively headbutt those who attack you in melee.


Message History

You enter the transporter and appear at another place.
The acid dragon spits acid at you. The splash of acid hits you!
The acid corrodes you!
You are splashed with acid!
The acid dragon enters a dispersal trap!
You blink.
You become entangled in the net!
The acid dragon blinks!
There is a net trap here.
You see here a throwing net.
You tear a large gash into the net.
You struggle against the net.
The acid dragon spits acid at you. The splash of acid hits you.
The acid corrodes you!
You are splashed with acid!!
The oklob plant spits acid at you. The splash of acid hits you.
You are splashed with acid!
You struggle against the net.
The acid dragon bites you. The acid dragon claws you.
You struggle against the net.
The acid dragon bites you!
* * * LOW HITPOINT WARNING * * *
The acid dragon claws you.
* * * LOW HITPOINT WARNING * * *
You rip the net and break free!
The acid dragon closely misses you.
You riposte.
You hit the acid dragon but do no damage.
The acid dragon barely misses you. The oklob plant spits acid at you.
The splash of acid misses you. The oklob plant spits acid at you.
The splash of acid hits you!
* * * LOW HITPOINT WARNING * * *
The acid corrodes you!
You are splashed with acid!
* * * LOW HITPOINT WARNING * * *
You feel better. The acid dragon closely misses you.
The acid dragon claws you but does no damage.
The oklob plant spits acid at you. The splash of acid misses you.
The oklob plant spits acid at you. The splash of acid hits you!
* * * LOW HITPOINT WARNING * * *
The acid corrodes you!
You are splashed with acid!
You die...

####.....©.....####
#≈≈..#########..≈≈#
#≈...#..8#8..#...≈#
####..♣.#...8...#.♣..####
#≈≈.....#8.8^8.8#.PP..≈≈#
#≈..♣...##8.©.8##.PP♣..≈#
####...PPP.#8.8^8.8#...P...####
#≈≈..♣P..♣.#..D8...#.♣P.P♣..≈≈#
#≈.........#P..@)=.#.........≈#
##...#######################...##
≈....#©.........©.........©#....≈
..#############################..
..#....##.#...........#......J#..
♣.##..##..#...#≈#≈#P..####.####.♣
P.###.#...#.P.≈≈≈≈≈...#..#.#..#..
♣.#Y##.##©#.♣.#≈#≈#.♣.#.##©##.#.♣
..#...#.###..P≈≈≈≈≈.P.#J#...#.#..


You could see an oklob plant and an acid dragon.

Vanquished Creatures
  3 two-headed ogres
  A skeletal warrior (D:8)
  A black mamba (Lair:2)
  Psyche (D:9)
  2 trolls
  A hornet (D:7)
  3 blink frogs (Lair:1)
  9 yaks
  A shadow (D:10)
  4 wraiths
  A basilisk (Lair:2)
  A steam dragon (D:7)
  3 vampire mosquitoes (D:9)
  An acid dragon (D:9)
  6 water moccasins
  An ice beast (D:6)
  4 orc warriors
  3 wolves (Lair:1)
  2 ogres (D:5)
  4 centaurs
  2 kobold brigands (D:8)
  6 bullfrogs
  A gnoll sergeant (D:10)
  A scorpion (D:6)
  A water moccasin skeleton (D:6)
  7 killer bees
  9 wights
  An electric eel (D:10)
  A howler monkey (D:9)
  A vampire bat (D:4)
  2 lava snakes (D:7)
  A bullfrog zombie (D:6)
  7 centaur zombies
  7 orc priests
  10 hounds
  A bullfrog skeleton (D:7)
  A jelly (D:6)
  2 centaur skeletons (D:5)
  Jessica (D:2)
  Terence (D:2)
  3 iguanas
  10 orc wizards
  A howler monkey zombie (D:10)
  4 gnolls (D:10)
  A howler monkey skeleton (D:4)
  4 adders
  A shadow imp (D:7)
  3 white imps
  An ufetubus (D:4)
  2 dart slugs (D:1)
  3 fire bats (D:4)
  58 orcs
  2 spectral bats (D:4)
  4 ball pythons
  12 bats
  3 bat skeletons (D:4)
  A bat zombie (D:4)
  10 endoplasms
  A giant cockroach (D:4)
  4 goblins
  A hobgoblin (D:2)
  8 jackals
  5 quokkas
  A bat simulacrum (D:4)
  10 kobolds
  2 rats
270 creatures vanquished.

Vanquished Creatures (others)
  13 fungi (D:6)
  2 plants
15 creatures vanquished.

Grand Total: 285 creatures vanquished

Notes
Turn   | Place    | Note
-------+----------+-------------------------------------------
     0 | D:1      | freelancePsychic the Minotaur Arcane Marksman began the
                  | quest for the Orb.
     0 | D:1      | Reached XP level 1. HP: 16/16 MP: 1/1
   111 | D:1      | Reached XP level 2. HP: 25/25 MP: 2/2
   368 | D:1      | Reached skill level 1 in Long Blades
   761 | D:1      | Reached XP level 3. HP: 30/31 MP: 3/3
  1075 | D:2      | Noticed Jessica
  1083 | D:2      | Killed Jessica
  1084 | D:2      | Reached skill level 2 in Long Blades
  1581 | D:2      | Noticed Terence
  1591 | D:2      | Killed Terence
  1592 | D:2      | Reached skill level 3 in Long Blades
  1592 | D:2      | Reached XP level 4. HP: 17/40 MP: 4/4
  2667 | D:3      | You fall into a shaft and drop 1 floor!
  2667 | D:4      | Found Ifurgh's Incredible Inventory.
  2805 | D:4      | Reached skill level 4 in Long Blades
  2805 | D:4      | Reached XP level 5. HP: 35/46 MP: 5/5
  3266 | D:4      | Reached skill level 5 in Long Blades
  3298 | D:4      | Reached XP level 6. HP: 55/55 MP: 6/6
  3420 | D:4      | Reached skill level 5 in Fighting
  3489 | D:5      | Entered Level 5 of the Dungeon
  3619 | D:5      | Noticed a water moccasin
  3630 | D:5      | Killed a water moccasin
  3631 | D:5      | Reached skill level 6 in Long Blades
  3714 | D:5      | Found a hide-covered altar of Uskayaw.
  3726 | D:5      | Became a worshipper of Uskayaw the Reveller
  3767 | D:5      | Reached * piety under Uskayaw
  3768 | D:5      | Reached ** piety under Uskayaw
  3953 | D:5      | Reached XP level 7. HP: 61/61 MP: 7/7
  4089 | D:5      | Reached *** piety under Uskayaw
  4090 | D:5      | Reached skill level 7 in Long Blades
  4447 | D:6      | Reached skill level 8 in Long Blades
  4546 | D:6      | Reached XP level 8. HP: 55/71 MP: 8/8
  4675 | D:6      | Reached skill level 9 in Long Blades
  5084 | D:6      | Reached **** piety under Uskayaw
  5129 | D:6      | Found a staircase to the Ecumenical Temple.
  5142 | D:6      | Reached skill level 10 in Long Blades
  6007 | D:7      | Reached skill level 11 in Long Blades
  6007 | D:7      | Reached XP level 9. HP: 51/82 MP: 9/9
  6207 | D:7      | Identified the +7 dagger of Maluset {flame, Dex+4}
  7103 | D:7      | Paralysed by a hornet for 2 turns
  7107 | D:7      | Paralysed by a hornet for 1 turns
  7948 | D:7      | Reached skill level 12 in Long Blades
  8095 | D:8      | Noticed a two-headed ogre
  8153 | D:8      | Killed a two-headed ogre
  8428 | D:8      | Reached skill level 10 in Fighting
  8428 | D:8      | Reached XP level 10. HP: 48/93 MP: 10/10
  8429 | D:8      | Reached skill level 13 in Long Blades
  8429 | D:8      | Reached ***** piety under Uskayaw
  8893 | D:8      | Found Dusi's General Store.
  9135 | D:8      | Found the +5 scythe "Finisher" {speed, eviscerate}
  9197 | D:8      | Noticed a skeletal warrior
  9210 | D:8      | Killed a skeletal warrior
  9211 | D:8      | Reached skill level 5 in Armour
 10022 | D:9      | Got Jyrie's First Steps in Witchery
 10094 | D:9      | Reached skill level 14 in Long Blades
 10178 | D:9      | Noticed a two-headed ogre
 10182 | D:9      | Killed a two-headed ogre
 10329 | D:9      | Noticed Psyche
 10369 | D:9      | Killed Psyche
 11235 | D:9      | Noticed a two-headed ogre
 11246 | D:9      | Killed a two-headed ogre
 11247 | D:9      | Reached XP level 11. HP: 72/102 MP: 11/11
 11475 | D:9      | Reached skill level 15 in Long Blades
 11672 | D:10     | Entered Level 10 of the Dungeon
 12053 | D:10     | Found a staircase to the Lair.
 12255 | D:10     | Found a shimmering blue altar of Sif Muna.
 12901 | Lair:1   | Entered Level 1 of the Lair of Beasts
 12976 | Lair:1   | Reached skill level 16 in Long Blades
 13910 | Lair:2   | Found a gate leading to a gauntlet.
 13923 | Gauntlet | Entered a Gauntlet
 13923 | Gauntlet | Found a transporter.
 13952 | Gauntlet | Found a transporter.
 13955 | Gauntlet | Found a transporter.
 13966 | Gauntlet | Found a transporter.
 13969 | Gauntlet | Found a transporter.
 13971 | Gauntlet | Noticed a green ugly thing
 13971 | Gauntlet | Noticed a white ugly thing
 13973 | Gauntlet | Noticed a glowing orange brain
 13977 | Gauntlet | Found a runed translucent gate.
 13977 | Gauntlet | Found a runed translucent gate.
 13979 | Gauntlet | Noticed a glowing orange brain
 13981 | Gauntlet | Found a runed translucent gate.
 13981 | Gauntlet | Found a transporter.
 13997 | Gauntlet | Found a transporter.
 14008 | Gauntlet | Found a transporter.
 14018 | Gauntlet | Noticed a sixfirhy
 14020 | Gauntlet | Found a transporter.
 14021 | Gauntlet | Noticed a sixfirhy
 14023 | Gauntlet | Noticed a sixfirhy
 14027 | Gauntlet | Noticed a sixfirhy
 14035 | Gauntlet | Found a transporter.
 14050 | Gauntlet | Found a transporter.
 14050 | Gauntlet | Found a transporter.
 14050 | Gauntlet | Noticed a swamp dragon
 14053 | Gauntlet | Noticed a glowing orange brain
 14053 | Gauntlet | a swamp dragon changed into a glowing orange brain
 14062 | Gauntlet | a glowing orange brain changed into a redback
 14063 | Gauntlet | Noticed a fire crab
 14063 | Gauntlet | a redback changed into a fire crab
 14095 | Gauntlet | Found a transporter.
 14136 | Gauntlet | Found a transporter.
 14219 | Gauntlet | Noticed an oklob plant
 14239 | Gauntlet | HP: 5/102 [acid (12)]
 14241 | Gauntlet | HP: 1/102 [oklob plant/splash of acid (10)]
 14241 | Gauntlet | Splashed by an oklob plant's acid

Illustrated notes

Levels and vault maps discovered:
D:1:      minmay_arrival_up_and_down, layout_basic, serial_bayou,
          serial_bayou_lagoon_b, serial_bayou_pond_e, serial_bayou_shore_a,
          serial_bayou_pond_e, minmay_surrounded
D:2:      layout_loops_corners, st_stairs_12, minivault_5, uniq_terence,
          uniq_jessica
D:3:      layout_loops_ring, nicolae_overflow_quartered_altars, uniq_robin
D:4:      layout_rooms, ebering_dispersal_statue_hall, nicolae_alphabet_shops,
          st_stairs_10, goddamned_bats
D:5:      layout_loops_cross, nicolae_uskayaw_dance_hall,
          eino_small_chamber_without_monster
D:6:      layout_loops_ring, minmay_temple_entry_junction, serial_aquarium,
          aquarium_bridge_long_joined [aquarium_subvault_window,
          aquarium_subvault_window, aquarium_subvault_bridge,
          aquarium_subvault_window, aquarium_subvault_wall,
          aquarium_subvault_balcony], aquarium_bridge_square
          [aquarium_subvault_bridge, aquarium_subvault_bridge,
          aquarium_subvault_wall, aquarium_subvault_wall], aquarium_window_fake,
          aquarium_window_2, aquarium_window_corridor_3, aquarium_view_2e,
          aquarium_view_2c
D:7:      layout_basic, kennysheep_small_spiral, st_stairs_9
D:8:      layout_gridville, serial_shops, shop_coins,
          minmay_guarded_unrand_finisher
D:9:      layout_stronghold, uniq_psyche
D:10:     layout_cave_pools, amcnicky_altar_gilded, erik_lair_island,
          serial_park, serial_park_avenue1, serial_park_square2,
          kennysheep_opposing_triangles
Lair:1:   layout_gridlike, grunt_megastairs_3
Lair:2:   layout_hall_layers, minmay_snake_entry_six_corridors,
          gauntlet_entry_generic, grunt_megastairs_1
Gauntlet: minmay_gauntlet_77_tree [minmay_gauntlet_arena_77_terracotta_army,
          minmay_gauntlet_arena_77_fan, minmay_gauntlet_arena_77_mirror,
          minmay_gauntlet_arena_77_p_blocks,
          minmay_gauntlet_arena_77_tiled_triplets,
          minmay_gauntlet_arena_77_museum, minmay_gauntlet_arena_77_run_for_it,
          gauntlet_exit_green]

Skill      XL: |  1  2  3  4  5  6  7  8  9 10 11 |
---------------+----------------------------------+-----
Fighting       | 2 3 4 5 6 8 10 11 | 11.3
Long Blades    | 1 3 4 5 6 8 11 12 14 16 | 16.6
Armour         | 3 6 |  6.7
Bows           | |  2.1
Dodging        | |  2.1
Spellcasting   | |  1.0
Hexes          | |  2.0

Action                   |  1- 3 |  4- 6 |  7- 9 | 10-12 || total
-------------------------+-------+-------+-------+-------++-------
Melee: Great sword       |    29 |   107 |   228 |   285 ||   649
       Headbutt          |     8 |    14 |    47 |    61 ||   130
 Fire: Shortbow          |    38 |    30 |    16 |       ||    84
Invok: Line Pass         |       |       |       |     1 ||     1
Evoke: Wand              |       |       |       |     1 ||     1
  Use: Scroll            |       |     5 |     2 |     5 ||    12
       Potion            |       |       |       |     1 ||     1
 Stab: Sleeping          |     1 |       |       |       ||     1
       Paralysed         |       |       |     9 |    12 ||    21
       Confused          |       |       |       |     1 ||     1
Armor: Robe              |     8 |       |       |       ||     8
       Chain mail        |       |   114 |   122 |   149 ||   385
       Skin              |       |       |       |     5 ||     5
Dodge: Dodged            |    26 |    96 |   134 |   167 ||   423
       Rpst.: Great sword |     8 |    29 |    37 |    42 ||   116

Table legend: (Time is in decaauts)
 A = Elapsed time spent in this place.
 B = Non-inter-level travel time spent in this place.
 C = Inter-level travel time spent in this place.
 D = Time resting spent in this place.
 E = Time spent auto-exploring this place.
 F = Levels seen in this place.
 G = Mean time per level.
                   A        B        C        D        E       F      G
               +--------+--------+--------+--------+--------+-----+--------+
         Total |  14411 |  14022 |    389 |    501 |  11634 |  13 | 1108.5 |
       Dungeon |  13078 |  12723 |    355 |    501 |  10584 |  10 | 1307.8 |
          Lair |   1014 |    981 |     33 |      0 |    878 |   2 |  507.0 |
      Gauntlet |    317 |    317 |      0 |      0 |    172 |   1 |  317.0 |
               +--------+--------+--------+--------+--------+-----+--------+

Top non-repeatable levels by time:
     D:7: 2243 daAuts
     D:9: 1928 daAuts
     D:8: 1793 daAuts
     D:2: 1646 daAuts
     D:6: 1335 daAuts
    D:10: 1231 daAuts
     D:1: 1052 daAuts
  Lair:1: 1003 daAuts
     D:5: 961 daAuts
     D:4: 854 daAuts
Gauntlet: 317 daAuts
     D:3: 31 daAuts
  Lair:2: 11 daAuts
